 Dungeon Crawl Stone Soup version 0.21-a0-84-g85d6d27 (webtiles) character file.

82500 slavetoarmok the Warrior (level 15, -7/145 HPs)
             Began as a Hill Orc Monk on July 5, 2017.
             Was the Champion of Beogh.
             Killed by divine providence
             ... invoked by a meliai
              (15 damage)
             ... on level 14 of the Dungeon.
             The game lasted 01:08:24 (22803 turns).

slavetoarmok the Warrior (Hill Orc Monk)           Turns: 22803, Time: 01:08:25

Health: -7/145     AC: 26    Str: 25    XL:     15   Next: 73%
Magic:  27/27      EV: 14    Int: 10    God:    Beogh [******]
Gold:   1168       SH:  2    Dex: 13    Spells: 14/14 levels left

rFire    + . .     SeeInvis .   p - +3 broad axe (flame)
rCold    . . .     Gourm    .   (no shield)
rNeg     . . .     Faith    .   T - +2 plate armour {rF+}
rPois    .         Spirit   .   I - +0 helmet
rElec    .         Reflect  +   O - +0 cloak
rCorr    .         Harm     .   K - +0 pair of gloves
MR       +....                  n - +2 pair of boots
Stlth    ..........             z - +2 amulet of reflection
HPRegen  0.34/turn              m - +5 ring of evasion
MPRegen  0.20/turn              x - +4 ring of strength

@: lethally poisoned (-7 -> -26)
A: walk on water, blurry vision 1
a: Smiting, Recall Orcish Followers, Give Item to Named Follower, Resurrection,
Renounce Religion


You were on level 14 of the Dungeon.
You worshipped Beogh.
Beogh was exalted by your worship.
You were hungry.

You visited 3 branches of the dungeon, and saw 22 of its levels.
You also visited: Labyrinth and Sewer.

You collected 2123 gold pieces.
You spent 955 gold pieces at shops.

Inventory:

Hand Weapons
 p - a +3 broad axe of flaming (weapon)
Armour
 n - a +2 pair of boots (worn)
 I - a +0 helmet (worn)
 K - a +0 pair of gloves (worn)
 O - a +0 cloak (worn)
 T - a +2 plate armour of fire resistance (worn)
Jewellery
 i - an uncursed ring of positive energy
 m - a +5 ring of evasion (left hand)
 o - an uncursed ring of resist corrosion
 s - an uncursed ring of see invisible
 x - a +4 ring of strength (right hand)
 z - a +2 amulet of reflection (around neck)
 A - an uncursed ring of poison resistance
 G - an uncursed ring of protection from fire
 M - an uncursed amulet of rage
 P - an uncursed ring of protection from cold
Wands
 t - a wand of enslavement (6/24)
 Q - a wand of confusion (46/48)
 R - a wand of paralysis (18/24)
 V - a wand of flame (42/48)
 Z - a wand of digging (10/24)
Scrolls
 b - a scroll of torment {unknown}
 d - a scroll of identify
 f - a scroll of fear
 g - 9 scrolls of recharging
 k - 7 scrolls of remove curse
 r - 2 scrolls of enchant armour
 u - 14 scrolls of teleportation
 w - 4 scrolls of blinking
 y - 2 scrolls of enchant weapon
 D - 4 scrolls of fog
 S - 4 scrolls of magic mapping
 U - a scroll of summoning
Potions
 a - a potion of lignification
 e - a potion of might
 h - 11 potions of curing
 j - 5 potions of haste
 l - 5 potions of flight
 q - 6 potions of heal wounds
 C - a potion of cancellation
 E - 2 potions of degeneration {unknown}
 H - 4 potions of mutation {unknown}
 J - 3 potions of agility {unknown}
 W - 3 potions of resistance {unknown}
 Y - 3 potions of ambrosia {unknown}
Comestibles
 c - 14 bread rations
 N - 18 meat rations
 X - 21 royal jellies


   Skills:
 + Level 16.3 Fighting
 + Level 15.2 Axes
 + Level 13.0 Armour
 - Level 2.5 Dodging
 - Level 1.6 Stealth
   Level 11.6 Shields
 + Level 16.1 Invocations


You had 14 spell levels left.
You didn't know any spells.

Dungeon Overview and Level Annotations

Branches:
Dungeon (14/15)            Temple (0/1) D:7            Lair (6/6) D:9
  Swamp (0/4) Lair:2       Spider (0/4) Lair:3        Slime (0/5) Lair:6
    Orc (2/2) D:11            Elf (0/3) Orc:2        Vaults (0/5) D:13

Altars:
Hepliaklqana
Nemelex Xobeh
Qazlal
Ru
Trog
Beogh
Jiyva

Shops:
D:11 [?(   Orc:1 %*%   Orc:2 (:*[

Portals:
Trove: D:10 (show slimy rune of Zot)

Annotations:
D:2 Sigmund
D:8 1 runed door
Lair:6 1 runed door


Innate Abilities, Weirdness & Mutations

You can walk on water.
Scrolls take you a little longer to read.


Message History

Nordag hits the meliai from afar with a +4 halberd!
The meliai calls down the wrath of its god upon you.
Something smites you!
* * * LOW HITPOINT WARNING * * *
You closely miss the meliai.
The meliai is almost dead.
You feel sick.
The meliai calls down the wrath of its god upon you.
Something smites you!
* * * LOW HITPOINT WARNING * * *
Nordag closely misses the meliai.
Your plate armour prevents you from hitting the meliai.
The meliai is almost dead.
You feel sick.
The meliai invokes the aid of its god against you.
Something smites you!
* * * LOW HITPOINT WARNING * * *
The meliai calls down the wrath of its god upon you.
Something smites you!
You die...

.. ... #.# #.# #.#
#.# # #.###y###.#
#oo@yO....#
#o##################
#o§o3oo.............
#ooooo....o.3.......
####
#4#3oo.†.....o......
#..#
#o#.oo.....o..o..o..
#..#
#o##################
##..# #..# ....#
####


You could see a two-headed ogre, 2 meliai, the friendly Nordag the orc warlord,
the friendly Blodwig the orc knight and the friendly Ogrik the orc knight.

Vanquished Creatures
  Kirke (D:13)
  An ettin (Orc:2)
  A fire dragon (Lair:4)
  An ice dragon (Lair:6)
  A minotaur (Lab)
  2 vault guards (D:13)
  3 hydras
  A catoblepas (Lair:5)
  2 centaur warriors
  3 two-headed ogres
  A death yak (Lair:5)
  An orc high priest (Orc:2)
  An unseen horror (D:13)
  A lindwurm (Lair:6)
  5 orc knights (Orc:1)
  2 cyclopes (D:14)
  4 ugly things
  An oklob plant (D:11)
  4 elephants (Lair:6)
  A centaur zombie (D:10)
  2 black mambas (Lair:6)
  2 torpor snails (Lair:6)
  A yaktaur (D:14)
  2 rime drakes (Lair:4)
  3 gargoyles
  8 spiny frogs
  A freezing wraith (D:14)
  A hellwing (D:10)
  2 komodo dragons (Lair:1)
  A troll (Orc:1)
  A meliai (D:14)
  3 hornets (Lair:6)
  2 polar bears (Lair:6)
  A wolf spider simulacrum (D:14)
  A tyrant leech (Lair:6)
  A meliai zombie (D:10)
  A raiju (Lair:6)
  3 slime creatures (D:13)
  4 dream sheep (Lair:5)
  2 blink frogs
  7 hippogriffs
  A shadow (Lab)
  A vampire (D:13)
  5 steam dragons (Lair:4)
  A basilisk (Lair:6)
  23 yaks
  3 hungry ghosts
  A spatial vortex (Lair:6)
  4 wargs
  A soldier ant (D:14)
  4 hell hounds (Lair:6)
  4 water moccasins
  4 porcupines
  10 black bears
  An ice beast (D:13)
  10 sky beasts
  A hornet zombie (D:11)
  11 orc warriors
  5 phantoms
  A necrophage (D:12)
  4 ogres
  12 wolves
  9 centaurs
  7 crocodiles
  4 big kobolds
  13 bullfrogs
  A water moccasin zombie (D:6)
  2 scorpions
  3 killer bees (D:8)
  5 wights (D:8)
  An electric eel (Lair:1)
  5 crimson imps
  A bullfrog zombie (D:5)
  An orc priest (D:10)
  9 hounds
  5 jellies
  3 centaur skeletons
  A bullfrog skeleton (D:12)
  Jessica (D:4)
  Terence (D:3)
  6 iguanas
  5 orc wizards
  3 worker ants
  2 hound zombies
  Robin (D:3)
  10 adders
  5 shadow imps (D:10)
  An ooze (D:1)
  An adder zombie (D:9)
  A worm (D:2)
  8 leopard geckos
  18 orcs
  A ball python (Sewer)
  3 giant cockroaches
  18 goblins
  10 hobgoblins
  2 jackals (D:8)
  5 quokkas
  10 bats
  7 frilled lizards
  A giant cockroach zombie (D:5)
  18 kobolds
  A quokka skeleton (D:4)
  A quokka zombie (D:5)
  5 rats
  4 fungi
  5 plants
417 creatures vanquished.

Vanquished Creatures (collateral kills)
  2 orc warlords
  4 hydras
  6 vault guards (D:13)
  4 two-headed ogres
  A centaur warrior (D:14)
  7 death yaks
  The ghost of puppykicker the Basher, a novice MiAM of Hepliaklqana (D:8)
  2 unseen horrors (D:12)
  2 orc knights (Orc:2)
  A lindwurm (Lair:6)
  2 deep elf magi
  An orc sorcerer (Orc:2)
  3 ugly things (D:14)
  2 manticores
  7 elephants (Lair:6)
  A salamander (shapeshifter) (D:14)
  5 centaur skeletons
  5 black mambas
  5 spiny frogs
  4 torpor snails (Lair:6)
  A gargoyle (D:14)
  2 yaktaurs (D:14)
  9 komodo dragons
  7 rime drakes (Lair:4)
  An efreet (D:14)
  7 polar bears (Lair:6)
  A hellwing (D:10)
  3 meliai (D:14)
  2 tyrant leeches (Lair:6)
  6 hornets (Lair:6)
  3 raiju (Lair:6)
  4 trolls
  12 blink frogs
  5 hippogriffs
  A dream sheep (Lair:5)
  A shadow (D:14)
  2 wyverns
  A wraith (D:14)
  34 yaks
  Grum (D:11)
  5 basilisks
  A hungry ghost (D:12)
  4 steam dragons (Lair:4)
  2 vampire mosquitoes (D:13)
  3 wargs
  7 water moccasins
  9 hell hounds (Lair:6)
  5 porcupines
  3 black bears (Lair:6)
  A phantom (D:9)
  10 orc warriors
  A necrophage (D:11)
  5 ogres
  11 wolves
  5 centaurs
  8 crocodiles
  Blork the orc (Orc:2)
  6 bullfrogs
  A big kobold (D:12)
  A wyvern zombie (D:10)
  2 scorpions
  2 centaur zombies
  A crimson imp (D:9)
  2 bullfrog zombies (D:12)
  A hound (D:14)
  4 orc priests
  9 orc wizards
  A bullfrog skeleton (D:11)
  3 worker ants
  A worker ant zombie (D:11)
  A shadow imp (D:9)
  13 orcs
  2 bats (Orc:1)
  2 kobolds (D:12)
  3 bushes
  A butterfly (Lair:5)
  18 fungi
  27 plants
  A withered plant (D:10)
351 creatures vanquished.

Vanquished Creatures (others)
  Nessos (Lair:5)
  2 orc high priests
  An orc knight (Orc:2)
  An orc sorcerer (Orc:2)
  A cyclops (D:14)
  7 orc priests
  A centaur skeleton (D:13)
  3 humans (D:13)
  17 orc warriors
  2 centaurs
  9 orc wizards
  A worker ant (D:13)
  40 orcs
  9 fungi
  26 plants
121 creatures vanquished.

Grand Total: 889 creatures vanquished

Notes
Turn   | Place    | Note
-------+----------+-------------------------------------------
     0 | D:1      | slavetoarmok the Hill Orc Monk began the quest for the Orb.
     0 | D:1      | Reached XP level 1. HP: 19/19 MP: 1/1
   136 | D:1      | Reached XP level 2. HP: 27/27 MP: 2/2
   347 | D:1      | Reached skill level 1 in Armour
   351 | D:1      | Reached XP level 3. HP: 33/33 MP: 3/3
  1253 | D:2      | Reached XP level 4. HP: 23/40 MP: 4/4
  1802 | D:2      | Noticed Sigmund
  2186 | D:3      | Noticed Terence
  2201 | D:3      | Killed Terence
  2201 | D:3      | Reached skill level 5 in Axes
  2386 | D:3      | Noticed Robin
  2398 | D:3      | Reached XP level 5. HP: 43/47 MP: 5/5
  2403 | D:3      | Killed Robin
  2563 | D:3      | Found a glowing drain.
  2590 | Sewer    | Entered a sewer
  2713 | Sewer    | Noticed a big kobold
  2713 | Sewer    | Noticed a big kobold
  2721 | Sewer    | Killed a big kobold
  2721 | Sewer    | Reached skill level 5 in Fighting
  2721 | Sewer    | Reached XP level 6. HP: 55/56 MP: 6/6
  3432 | D:4      | Noticed a sky beast
  3451 | D:4      | Killed a sky beast
  3451 | D:4      | Reached XP level 7. HP: 54/63 MP: 7/7
  3775 | D:4      | Found a sparkling altar of Nemelex Xobeh.
  3775 | D:4      | Noticed Jessica
  3778 | D:4      | Killed Jessica
  3926 | D:4      | Became a worshipper of Beogh the Brigand
  3926 | D:4      | Reached * piety under Beogh
  3926 | D:4      | Reached ** piety under Beogh
  4039 | D:5      | Entered Level 5 of the Dungeon
  4079 | D:5      | Reached skill level 5 in Armour
  4079 | D:5      | Reached skill level 1 in Invocations
  4376 | D:4      | Reached XP level 8. HP: 46/73 MP: 9/9
  5058 | D:6      | Got a scorched hand axe
  5059 | D:6      | Identified the +6 hand axe of Amortisation {chop, *Drain rElec rPois Int+8} (You found it on level 6 of the Dungeon)
  5254 | D:6      | Reached skill level 5 in Invocations
  5366 | D:6      | Reached XP level 9. HP: 82/82 MP: 13/13
  5619 | D:7      | Found a staircase to the Ecumenical Temple.
  6038 | D:7      | You fall through a shaft for 3 floors!
  6038 | D:10     | Entered Level 10 of the Dungeon
  6044 | D:10     | Found a sacrificial altar of Ru.
  6054 | D:10     | Noticed a hellwing
  6055 | D:10     | Noticed a hellwing
  6297 | D:8      | Reached *** piety under Beogh
  6602 | D:7      | Got a faintly glowing morningstar
  6603 | D:7      | Identified the +3 morningstar of Prudence {holy, Int+4 Stlth+} (You found it on level 7 of the Dungeon)
  6922 | D:8      | Noticed a cyan ugly thing
  6938 | D:8      | Killed a cyan ugly thing
  6938 | D:8      | Reached skill level 10 in Fighting
  7129 | D:8      | Reached XP level 10. HP: 66/93 MP: 16/16
  7404 | D:8      | Noticed puppykicker's ghost (novice MiAM)
  7425 | D:8      | Killed puppykicker's ghost
  7596 | D:8      | Found a runed door.
  7950 | D:9      | Found a hazy altar of Hepliaklqana.
  7961 | D:9      | Reached skill level 1 in Shields
  8265 | D:9      | Found a staircase to the Lair.
  8270 | D:9      | Gained Oreg as an ally
  8272 | D:9      | Reached **** piety under Beogh
  8532 | D:10     | Your ally Oreg died
  8536 | D:10     | Reached skill level 10 in Axes
  8664 | D:10     | Reached skill level 10 in Invocations
  8676 | D:10     | Reached XP level 11. HP: 97/104 MP: 18/18
  8873 | D:10     | Noticed a manticore
  8884 | D:10     | Killed a manticore
  8923 | D:10     | Reached skill level 5 in Shields
  8946 | D:10     | Found a portal to a secret trove of treasure.
  8987 | D:10     | Gained Ortolf as an ally
  9113 | D:10     | Noticed a two-headed ogre
  9120 | D:10     | Killed a two-headed ogre
  9355 | D:11     | Found a staircase to the Orcish Mines.
  9370 | D:11     | Reached ***** piety under Beogh
  9534 | D:11     | Found Orcham's Antique Weapon Boutique.
  9556 | D:11     | Found a bloodstained altar of Trog.
  9556 | D:11     | Noticed an oklob plant
  9561 | D:11     | Noticed Grum
  9569 | D:11     | Killed Grum
  9842 | D:11     | Found Sezamp's Magic Scroll Boutique.
  9861 | D:11     | Bought 2 scrolls of blinking for 195 gold pieces
  9861 | D:11     | Bought a scroll of teleportation for 39 gold pieces
  9861 | D:11     | Bought a scroll of magic mapping for 45 gold pieces
  9861 | D:11     | Bought a scroll of identify for 26 gold pieces
  9861 | D:11     | Bought a scroll of magic mapping for 45 gold pieces
  9861 | D:11     | Bought a scroll of teleportation for 39 gold pieces
  9873 | D:11     | Noticed a two-headed ogre
  9879 | D:11     | Killed a two-headed ogre
 10079 | D:11     | Found Okammun's Antique Armour Shoppe.
 10082 | D:11     | Noticed a two-headed ogre
 10088 | D:11     | Killed a two-headed ogre
 10251 | Lair:1   | Entered Level 1 of the Lair of Beasts
 10319 | Lair:1   | Reached XP level 12. HP: 104/113 MP: 20/20
 10575 | Lair:1   | Gained Nordag as an ally
 11080 | Lair:2   | Found a labyrinth entrance.
 11239 | Lair:2   | Found a staircase to the Swamp.
 11429 | Lab      | Entered a labyrinth
 12006 | Lab      | Noticed a minotaur
 12016 | Lab      | Killed a minotaur
 12482 | Lair:3   | Found a hole to the Spider Nest.
 13013 | Lair:4   | Gained Blodwig as an ally
 13185 | Lair:4   | Reached ****** piety under Beogh
 13188 | Lair:4   | Reached XP level 13. HP: 96/124 MP: 22/22
 13602 | Lair:4   | Noticed a fire dragon
 13618 | Lair:4   | Killed a fire dragon
 14469 | Lair:4   | Reached skill level 10 in Armour
 14871 | Lair:5   | Gained Ogrik as an ally
 15296 | Lair:5   | Noticed Nessos
 15298 | Lair:5   | Killed Nessos
 15298 | Lair:5   | Reached skill level 10 in Shields
 15944 | Lair:6   | Entered Level 6 of the Lair of Beasts
 16048 | Lair:6   | Gained Hilgar as an ally
 16083 | Lair:6   | Reached XP level 14. HP: 133/133 MP: 24/24
 16126 | Lair:6   | Reached skill level 15 in Fighting
 16438 | Lair:6   | Found a runed door.
 16438 | Lair:6   | Found a viscous altar of Jiyva.
 16439 | Lair:6   | Found a staircase to the Slime Pits.
 16439 | Lair:6   | Noticed an azure jelly
 16439 | Lair:6   | Noticed an azure jelly
 16439 | Lair:6   | Noticed an azure jelly
 16785 | Lair:6   | Found a runed door.
 17898 | Orc:1    | Entered Level 1 of the Orcish Mines
 17898 | Orc:1    | Found Xupuakhau's Assorted Antiques.
 17939 | Orc:1    | Bought a scroll of teleportation for 81 gold pieces
 18154 | Orc:2    | Entered Level 2 of the Orcish Mines
 18166 | Orc:2    | Noticed Blork the orc
 18167 | Orc:2    | Noticed an orc warlord
 18171 | Orc:2    | Killed Blork the orc
 18425 | Orc:1    | Killed an orc warlord
 18500 | Orc:2    | Gained mutation: Scrolls take you a little longer to read. [a neqoxec]
 18577 | Orc:2    | Found a roughly hewn altar of Beogh.
 18608 | Orc:2    | Found Jear Rotu's Antique Weapon Shop.
 18612 | Orc:2    | Found Xett's General Store.
 18681 | Orc:2    | Found Vuex's Book Shop.
 18724 | Orc:2    | Bought a potion of heal wounds for 85 gold pieces
 18769 | Orc:2    | Noticed an orc warlord
 18777 | Orc:2    | Killed an orc warlord
 18777 | Orc:2    | Reached skill level 15 in Invocations
 18778 | Orc:2    | Found a staircase to the Elven Halls.
 18940 | Orc:2    | Found Awiu's Antique Armour Shop.
 19149 | Orc:2    | Found a roughly hewn altar of Beogh.
 19622 | Orc:1    | Found Tuthicie's Food Boutique.
 19633 | Orc:1    | Bought a meat ration for 50 gold pieces
 19633 | Orc:1    | Bought a meat ration for 50 gold pieces
 19633 | Orc:1    | Bought a meat ration for 50 gold pieces
 19633 | Orc:1    | Bought a bread ration for 50 gold pieces
 19633 | Orc:1    | Bought a bread ration for 50 gold pieces
 19633 | Orc:1    | Bought a bread ration for 50 gold pieces
 19633 | Orc:1    | Bought a bread ration for 50 gold pieces
 19633 | Orc:1    | Bought a meat ration for 50 gold pieces
 20044 | Orc:1    | Reached XP level 15. HP: 108/141 MP: 26/26
 20159 | Orc:1    | Found Evos Qoji's Food Shop.
 20458 | D:12     | Gained Ogrik as an ally
 20948 | D:12     | Your ally Ogrik died
 21243 | D:13     | Found a stormy altar of Qazlal.
 21255 | D:13     | Found a gate to the Vaults.
 21258 | D:13     | Noticed Kirke
 21260 | D:13     | Noticed a sphinx
 21274 | D:13     | Killed Kirke
 21851 | D:14     | Reached skill level 15 in Axes
 22803 | D:14     | Killed from afar by a meliai

Vault maps used:
D:1:      lemuel_arrival_lava_pool
D:2:      minivault_14, uniq_sigmund
D:3:      gup_sewer_entry_spiral, minmay_misc_feat_alley, uniq_robin,
          uniq_terence
D:4:      nemelex_lonely_heart_becter
D:5:      first_bread
D:7:      minmay_temple_entry_butterflies, minmay_item_behind_shaft
D:8:      dk_noncrumbling_4, lightli_church_of_beogh
D:9:      kennysheep_little_box, due_lair_maze_entry_diamond
D:10:     cheibrodos_grave_circle, basic_altar, enter_trove_0, grunt_ogre_cave
D:11:     orc_0_dummy, serial_shops, nicolae_shop_behind_doors,
          nicolae_shop_waterfront, shop, lemuel_oklob_altar, uniq_grum
D:13:     erik_vaults_2, grunt_qazlal_clouds, uniq_kirke
D:14:     minmay_nested_s, serial_park_square3, kennysheep_generic_room_15
Lair:1:   minivault_27, infiniplex_staircase_pool, grunt_megastairs_2
Lair:2:   swamp_mist, lab_entry_generic, serial_bayou_shore_b
Lair:3:   dummy_spider_entry, beast_lair_carwin_2, grunt_megastairs_1,
          serial_bayou_shore_b
Lair:4:   bobbens_dragon_lair_wall, grunt_megastairs_5
Lair:5:   wad_woods_04, beast_lair_carwin_8, lemuel_fruit_fields,
          lemuel_fruit_fields, uniq_nessos
Lair:6:   wormcave, hangedman_lair_caniforms_friends, slime_altar_2
Orc:1:    serial_shops, shop, shop_fountains, nicolae_shop_statue_plus,
          special_room, mines_bat_river
Orc:2:    grunt_orc_cross, basic_altar
Lab:      labyrinth_hidden_loot, nicolae_lab_diamond,
          labyrinth_skeletal_remains, nicolae_lab_dead_end
Sewer:    kennysheep_pipe_town

Skill      XL: |  1  2  3  4  5  6  7  8  9 10 11 12 13 14 15 |
---------------+----------------------------------------------+-----
Armour         | 1 2 3 4 5 6 7 8 9 10 12 13 | 13.0
Fighting       | 4 5 6 7 8 10 11 12 14 15 16 | 16.3
Axes           | 5 6 7 8 9 10 11 13 14 15 | 15.2
Invocations    | 2 5 8 10 11 12 14 15 16 | 16.1
Shields        | 4 6 8 10 11 | 11.6
Dodging        | |  2.5
Stealth        | |  1.6

Action                   |  1- 3 |  4- 6 |  7- 9 | 10-12 | 13-15 || total
-------------------------+-------+-------+-------+-------+-------++-------
Melee: Hand axe          |    84 |   220 |   397 |   546 |       ||  1247
       Broad axe         |       |       |       |     7 |   756 ||   763
Invok: Convert to Beogh  |       |       |     1 |       |       ||     1
       Smiting           |       |       |     1 |       |    10 ||    11
       Recall Orcish Fol |       |       |       |     3 |    10 ||    13
       Give Item to Name |       |       |       |     2 |     3 ||     5
       Stop Recall       |       |       |       |     1 |     4 ||     5
       Resurrection      |       |       |       |       |     1 ||     1
  Use: Potion            |     1 |       |       |     6 |     1 ||     8
       Scroll            |       |     7 |     7 |    13 |     3 ||    30
 Stab: Sleeping          |     4 |     1 |       |       |       ||     5
       Distracted        |       |       |       |     4 |     4 ||     8
  Eat: Chunk             |     1 |     7 |     6 |    18 |    22 ||    54
       Bread ration      |       |       |     2 |       |       ||     2
       Royal jelly       |       |       |     1 |       |       ||     1
       Fruit             |       |       |       |       |     6 ||     6
       Meat ration       |       |       |       |       |     1 ||     1
Armor: Robe              |    10 |    14 |       |       |       ||    24
       Scale mail        |       |    43 |       |       |       ||    43
       Chain mail        |       |    45 |       |       |       ||    45
       Ice dragon scales |       |       |   235 |   170 |   192 ||   597
       Plate armour      |       |       |       |       |   178 ||   178
Dodge: Dodged            |    63 |    65 |   157 |   131 |   338 ||   754
Block: Shield            |       |    62 |   144 |    20 |       ||   226
       Large shield      |       |       |       |   340 |   558 ||   898
       Reflection        |       |       |       |    11 |    11 ||    22
       Other             |       |       |       |       |    11 ||    11
